 Dungeon Crawl Stone Soup version 0.20-a0-432-g25cc1b4 (webtiles) character file.

136 Kurtz the Chopper (level 4, 0/55 HPs)
             Began as a Draconian Gladiator on Jan 3, 2017.
             Succumbed to a worker ant's poison
             ... on level 3 of the Dungeon.
             The game lasted 00:01:41 (1570 turns).

Kurtz the Chopper (Draconian Gladiator)             Turns: 1570, Time: 00:01:42

Health: 0/55       AC: 22    Str: 16    XL:     4   Next: 98%
Magic:  4/4        EV:  2    Int: 14    God:
Gold:   95         SH:  0    Dex: 13    Spells: 3/3 levels left

rFire  . . .     SeeInvis .     a - +0 war axe
rCold  . . .     Gourm    .     (armour unavailable)
rNeg   + + +     Faith    .     (no shield)
rPois  +         Spirit   .     (helmet currently unavailable)
rElec  .         Reflect  .     (cloak currently unavailable)
rCorr  .         Harm     .     (gloves currently unavailable)
MR     .....     NoTele   +     (boots currently unavailable)
Stlth  +.........               (no amulet)
                                (no ring)
                                (no ring)

@: brilliant, lethally poisoned (0 -> -8), tree-form
A: unfitting armour, (cold-blooded), AC +5
a: no special abilities


You were on level 3 of the Dungeon.
You were not hungry.
You were a tree.
You visited 1 branch of the dungeon, and saw 3 of its levels.

You collected 95 gold pieces.

Inventory:

Hand Weapons
 a - a +0 war axe (weapon)
Missiles
 c - a throwing net (quivered)
 o - 7 tomahawks
Armour
 b - a +0 hat (melded)
Scrolls
 e - a scroll of magic mapping {unknown}
 f - 2 scrolls of teleportation {unknown}
 i - 4 scrolls of identify {unknown}
 j - 2 scrolls of blinking {unknown}
 l - a scroll of recharging {unknown}
Potions
 n - a potion of ambrosia {unknown}
 p - a potion of might {unknown}
Comestibles
 d - 4 bread rations
 k - a meat ration
 q - 2 chunks of flesh


   Skills:
 + Level 2.9 Fighting
 * Level 5.4 Axes
 - Level 1.7 Throwing
 - Level 2.6 Dodging


You had 3 spell levels left.
You didn't know any spells.

Dungeon Overview and Level Annotations

Branches:
Dungeon (3/15)

Altars:
Cheibriados


Innate Abilities, Weirdness & Mutations

((Your plain brown scales are hard. (AC +5)))
You cannot fit into any form of body armour.
((You are cold-blooded and may be slowed by cold attacks.))


Message History

You feel sick.
The worker ant bites you but does no damage.
You hit the worker ant.
The worker ant is heavily wounded.
* * * LOW HITPOINT WARNING * * *
You feel sick.
The worker ant bites you but does no damage. x2
You hit the worker ant.
The worker ant is severely wounded.
* * * LOW HITPOINT WARNING * * *
You feel sick.
The worker ant bites you but does no damage.
You hit the worker ant.
The worker ant is severely wounded.
* * * LOW HITPOINT WARNING * * *
You feel sick.
The worker ant bites you but does no damage. x2
It was a potion of brilliance.
You feel clever all of a sudden.
You die...

#........# ##
#........# #..
#........# #.#
#.†......# ####.#
#........# #....#
.........# #....#
.........####....# #
.................#.#
..####.######...♣a(#
..# #...........#.#
..# #...........# ..
..# #.......###.# ##
### .###### #.# #..
.... #####


You could see a worker ant.

Vanquished Creatures
  An orc wizard (D:3)
  Ijyb (D:2)
  3 adders
  5 dart slugs
  3 orcs (D:3)
  2 giant cockroaches
  7 goblins
  4 hobgoblins
  A ball python (D:1)
  6 bats
  5 kobolds
  6 rats
44 creatures vanquished.

Notes
Turn   | Place    | Note
-------+----------+-------------------------------------------
     0 | D:1      | Kurtz the Draconian Gladiator began the quest for the Orb.
     0 | D:1      | Reached XP level 1. HP: 17/17 MP: 1/1
   206 | D:1      | Reached XP level 2. HP: 23/24 MP: 2/2
   664 | D:2      | Reached skill level 4 in Axes
   664 | D:2      | Reached XP level 3. HP: 23/30 MP: 3/3
   817 | D:2      | Found a snail-covered altar of Cheibriados.
   934 | D:2      | Noticed Ijyb
   944 | D:2      | Killed Ijyb
  1028 | D:2      | Reached XP level 4. HP: 33/37 MP: 4/4
  1308 | D:3      | Reached skill level 5 in Axes
  1569 | D:3      | HP: 1/55 [poisoned by a worker ant]
  1570 | D:3      | Succumbed to a worker ant's poison

Vault maps used:
D:1:      lightli_arrival_flooded_house
D:2:      cheibriados_altar_1, first_bread, uniq_iyjb
D:3:      kennysheep_slugbush

Skill      XL: |  1  2  3  4 |
---------------+-------------+-----
Axes           | 4 5 |  5.4
Fighting       | |  2.9
Throwing       | |  1.7
Dodging        | |  2.6

Action                   |  1- 3 |  4- 6 || total
-------------------------+-------+-------++-------
Melee: War axe           |    73 |    65 ||   138
       Tailslap          |     4 |     4 ||     8
Throw: Throwing net      |       |     2 ||     2
  Use: Potion            |       |     3 ||     3
 Stab: Sleeping          |     3 |       ||     3
  Eat: Chunk             |       |     2 ||     2
Armor: Skin              |    19 |    31 ||    50
Dodge: Dodged            |    60 |    36 ||    96
